 Dungeon Crawl Stone Soup version 0.31.0-11-ge490571c62 (webtiles) character file.

Game seed: 10016578500639782176

69 qw the Shooter (level 4, -2/22 HPs)
             Began as a Spriggan Hunter on Feb 4, 2024.
             Slain by a gnoll
             ... wielding a +0 flail
              (8 damage)
             ... on level 2 of the Dungeon.
             The game lasted 00:00:06 (971 turns).

qw the Shooter (Spriggan Hunter)                     Turns: 971, Time: 00:00:06

Health: -2/22      AC:  2    Str:  7    XL:     4   Next: 2%
Magic:  5/5        EV: 19    Int: 10    God:
Gold:   106        SH:  0    Dex: 20    Spells: 3/3 levels left

rFire   . . .        a - +0 shortbow
rCold   . . .        (shield currently unavailable)
rNeg    + . .        c - +0 robe
rPois   .            (helmet restricted)
rElec   .            (no cloak)
rCorr   .            (gloves unavailable)
SInv    +            (boots unavailable)
Will    .....        (no amulet)
Stlth   ++           h - ring of positive energy
HPRegen 0.23/turn    (no ring)
MPRegen 0.09/turn

%: no passive effects
@: very quick
A: very small, no large weapons, unfitting armour, see invisible, speed 3
a: no special abilities


You were on level 2 of the Dungeon.
You visited 1 branch of the dungeon, and saw 2 of its levels.

You collected 106 gold pieces.


Innate Abilities, Weirdness & Mutations

You are very small and have problems with some larger weapons.
You are too small for most types of armour.
You have supernaturally acute eyesight. (SInv)
You cover ground extremely quickly. (Speed+++)


   Skills:
 - Level 1.5 Fighting
 - Level 5.0 Ranged Weapons
 + Level 4.2 Dodging
 - Level 1.5 Stealth


You had 3 spell levels left.
You didn't know any spells.
Your spell library was empty.

Inventory:

Hand Weapons
 a - a +0 shortbow (weapon)
Armour
 c - a +0 robe (worn)
 d - a +1 cloak
Jewellery
 h - a ring of positive energy (left hand)
Scrolls
 b - a scroll of enchant weapon {unknown}
Potions
 i - a potion of curing
 j - a potion of heal wounds {unknown}

Dungeon Overview and Level Annotations

Branches:
Dungeon (2/15)

Altars:


Message History

943 ||| FLEEEEING.
944 ||| FLEEEEING.
945 ||| FLEEEEING.
946 ||| FLEEEEING.
947 ||| FLEEEEING.
You start resting.
A gnoll is nearby!
951 ||| FLEEEEING.
952 ||| FLEEEEING.
You start resting.
A gnoll is nearby!
955 ||| FLEEEEING.
956 ||| FLEEEEING.
957 ||| FLEEEEING.
958 ||| FLEEEEING.
959 ||| FLEEEEING.
960 ||| FLEEEEING.
961 ||| FLEEEEING.
You start resting.
A gnoll is nearby!
You shoot an arrow.
The arrow hits the gnoll but does no damage.
The gnoll hits you with a +0 flail! The gnoll closely misses you.
You shoot an arrow.
The arrow hits the gnoll but does no damage.
The gnoll barely misses you.
You shoot an arrow.
The arrow hits the gnoll but does no damage.
The gnoll closely misses you.
You shoot an arrow. The arrow hits the gnoll!
The gnoll is severely wounded.
The gnoll closely misses you.
You shoot an arrow. The arrow hits the gnoll.
The gnoll is severely wounded.
The gnoll closely misses you.
You shoot an arrow.
The arrow hits the gnoll but does no damage.
The gnoll is severely wounded.
The gnoll hits you with a +0 flail!
You die...

##g######......#######.#.#
#.....##................#
#########.####.#....#########
#......##.## #.#.####
#......##..###...#
#......###.g#...##############
####......#
##.#..###..........).
..........# #.#..#
#.###########
.....#.#.#####.#@.# #.#
.....#.#......>g.%# #.#
.....#.##########.# #.#
.....#.# #.# #.# #### ....%#.#
#.# #.# #...
.....#.##########.# #.# #.##
.....#.#..........# #.# #.#
######.#.########## #.# #.#
#.#.# #.###### #.#


You could see a gnoll.

Vanquished Creatures
  3 gnolls (D:2)
  3 endoplasms
  4 giant cockroaches
  5 hobgoblins
  3 quokkas (D:1)
  2 ball pythons
  4 bats
  3 frilled lizards (D:1)
  3 goblins (D:1)
  6 kobolds (D:1)
  4 rats (D:1)
40 creatures vanquished.

Notes
Turn   | Place    | Note
-------+----------+-------------------------------------------
     0 | D:1      | qw the Spriggan Hunter began the quest for the Orb.
     0 | D:1      | Reached XP level 1. HP: 10/10 MP: 2/2
     0 | D:1      | 0 ||| qw: Version: 0.3-a-160-g6735b56
     0 | D:1      | 0 ||| qw: Game counter: 4688
     0 | D:1      | 0 ||| qw: Melee chars always use a shield: true
     0 | D:1      | 0 ||| qw: God list: Okawaru
     0 | D:1      | 0 ||| qw: Allow faded altars: false
     0 | D:1      | 0 ||| qw: Do Orc after clearing Dungeon:15 true
     0 | D:1      | 0 ||| qw: Do second Lair branch before Depths: true
     0 | D:1      | 0 ||| qw: Lair rune preference: random
     0 | D:1      | 0 ||| qw: Goals: Normal
     0 | D:1      | 0 ||| PLANNING D:1-11
    66 | D:1      | Reached skill level 3 in Dodging
   140 | D:1      | Reached XP level 2. HP: 14/14 MP: 3/3
   433 | D:1      | Reached XP level 3. HP: 16/18 MP: 4/4
   547 | D:1      | 547 ||| UPGRADING to ring of positive energy.
   548 | D:1      | 548 ||| READING scroll labelled CUYB GOMEF.
   549 | D:1      | 549 ||| READING scroll labelled RYNKYNISAPS.
   550 | D:1      | 550 ||| READING scroll labelled UXZUIRRUCSUE.
   551 | D:1      | 551 ||| READING scroll labelled JUGRUIL ZUIGG.
   551 | D:1      | 551 ||| IDENTIFYING clear potion
   552 | D:1      | 552 ||| READING scroll labelled MACVEADION.
   653 | D:1      | 653 ||| DROPPING scroll of butterflies.
   921 | D:2      | 921 ||| RETREEEEATING.
   922 | D:2      | 922 ||| RETREEEEATING.
   923 | D:2      | 923 ||| RETREEEEATING.
   925 | D:2      | 925 ||| RETREEEEATING.
   929 | D:2      | 929 ||| RETREEEEATING.
   934 | D:2      | Reached skill level 5 in Ranged Weapons
   936 | D:2      | Reached XP level 4. HP: 6/22 MP: 5/5
   936 | D:2      | 936 ||| FLEEEEING.
   937 | D:2      | 937 ||| FLEEEEING.
   938 | D:2      | 938 ||| FLEEEEING.
   939 | D:2      | 939 ||| FLEEEEING.
   940 | D:2      | 940 ||| FLEEEEING.
   941 | D:2      | 941 ||| FLEEEEING.
   942 | D:2      | 942 ||| FLEEEEING.
   943 | D:2      | 943 ||| FLEEEEING.
   944 | D:2      | 944 ||| FLEEEEING.
   945 | D:2      | 945 ||| FLEEEEING.
   946 | D:2      | 946 ||| FLEEEEING.
   947 | D:2      | 947 ||| FLEEEEING.
   951 | D:2      | 951 ||| FLEEEEING.
   952 | D:2      | 952 ||| FLEEEEING.
   955 | D:2      | 955 ||| FLEEEEING.
   956 | D:2      | 956 ||| FLEEEEING.
   957 | D:2      | 957 ||| FLEEEEING.
   958 | D:2      | 958 ||| FLEEEEING.
   959 | D:2      | 959 ||| FLEEEEING.
   960 | D:2      | 960 ||| FLEEEEING.
   961 | D:2      | 961 ||| FLEEEEING.
   966 | D:2      | HP: 4/22 [gnoll/+0 flail (7)]
   971 | D:2      | Slain by a gnoll

Levels and vault maps discovered:
D:1:      orjb1_lava_funnel, layout_loops_cross, minmay_pentomino_t4
D:2:      layout_basic, dilly_ecumenical_altar_fadedgnrine

Skill      XL: |  1  2  3 |
---------------+----------+-----
Dodging        | 3 4 |  4.2
Ranged Weapons | 5 |  5.0
Fighting       | |  1.5
Stealth        | |  1.5

Action                     |  1- 3 |  4- 6 || total
---------------------------+-------+-------++-------
   Fire: Shortbow          |    81 |     6 ||    87
    Use: Scroll            |     5 |       ||     5
 Armour: Robe              |     5 |     2 ||     7
  Dodge: Dodged            |     6 |     5 ||    11

Table legend:
 A = Non-vault XP
 B = Vault XP
 C = Vault XP percentage of total XP
 D = Non-vault monster count
 E = Vault monster count
 F = Vault count percentage of total count
                 A         B        C        D         E       F
            +---------+---------+-------+---------+---------+-------
      Total |      97 |       2 |   2.0 |      39 |       1 |   2.5
            +---------+---------+-------+---------+---------+-------
        D:1 |      46 |       2 |   4.2 |      30 |       1 |   3.2
        D:2 |      51 |       0 |   0.0 |       9 |       0 |   0.0
            +---------+---------+-------+---------+---------+-------
